General information
- name: BNet
- type: Ladder 1vs1/FFA
- host: Battle.net
- saver: supplies
map: TerenasStand
- players: 2
- length: 11:29
- speed: Fast
- version: 1.26 W3XP
- replay type: Public
» download(47 KB)
Players
team 1 (loser)

»
MapleCN (
orange | 161 APM | 1847 actions | 11:28)
3 Archmage
2 Summon Water Elemental
1 Brilliance Aura
» actions
| Assign group hotkey | 194 | |
| Basic commands | 19 | |
| Build / train | 53 | |
| ESC pressed | 10 | |
| Enter build submenu | 22 | |
| Enter hero's abilities submenu | 3 | |
| Remove unit from queue | 1 | |
| Right click | 1049 | |
| Select / deselect | 220 | |
| Select group hotkey | 209 | |
| Use ability | 67 | |
1847 total
» units
| Peasant | 19 | |
| Footman | 16 | |
| Goblin Shredder | 1 | |
36 total
» upgrades
» buildings
| Altar of Kings | 1 | |
| Farm | 5 | |
| Barracks | 1 | |
| Lumber Mill | 1 | |
| Scout Tower | 7 | |
| Arcane Tower | 3 | |
| Arcane Vault | 3 | |
| Town Hall | 2 | |
| Guard Tower | 2 | |
| Keep | 1 | |
26 total
» build order
00:19 Altar of Kings
00:33 Farm
00:35 Farm
00:49 Barracks
00:55 Lumber Mill
01:39 Farm
02:03 Farm
03:03 Scout Tower
03:14 Farm
03:37 Arcane Tower
05:03 Arcane Vault
05:06 Arcane Vault
05:45 Town Hall
05:54 Scout Tower
05:55 Scout Tower
06:25 Arcane Tower
06:27 Guard Tower
07:53 Town Hall
08:21 Scout Tower
08:22 Scout Tower
08:23 Scout Tower
08:24 Scout Tower
09:19 Arcane Tower
09:27 Guard Tower
09:32 Arcane Vault
09:34 Keep
» items
| Scroll of Regeneration | 1 | |
| Lesser Clarity Potion | 1 | |
2 total
team 2 (winner)
supplies (
red | 81 APM | 926 actions | 11:29)
4 Archmage
2 Blizzard
2 Brilliance Aura
2 Blood Mage
1 Flame Strike
1 Siphon Mana
» actions
| Assign group hotkey | 46 | |
| Basic commands | 60 | |
| Build / train | 48 | |
| ESC pressed | 2 | |
| Enter build submenu | 28 | |
| Enter hero's abilities submenu | 6 | |
| Give item / drop item | 1 | |
| Right click | 315 | |
| Select / deselect | 228 | |
| Select group hotkey | 105 | |
| Use ability | 87 | |
926 total
» units
| Peasant | 12 | |
| Goblin Shredder | 1 | |
| Sorceress | 8 | |
| Spell Breaker | 3 | |
24 total
» upgrades
» buildings
| Altar of Kings | 2 | |
| Farm | 7 | |
| Arcane Vault | 1 | |
| Lumber Mill | 1 | |
| Scout Tower | 13 | |
| Arcane Tower | 4 | |
| Keep | 1 | |
| Arcane Sanctum | 2 | |
| Guard Tower | 2 | |
33 total
» build order
00:05 Altar of Kings
00:09 Altar of Kings
00:24 Farm
00:43 Arcane Vault
01:06 Farm
01:16 Lumber Mill
01:23 Scout Tower
01:26 Scout Tower
01:47 Farm
02:07 Arcane Tower
02:38 Scout Tower
03:04 Keep
03:15 Arcane Tower
03:29 Farm
04:53 Scout Tower
04:53 Scout Tower
05:00 Scout Tower
05:50 Arcane Sanctum
06:08 Arcane Tower
06:24 Guard Tower
06:31 Farm
06:33 Arcane Sanctum
07:00 Scout Tower
07:51 Guard Tower
07:55 Scout Tower
07:55 Scout Tower
07:56 Scout Tower
08:07 Farm
09:40 Scout Tower
09:41 Scout Tower
09:57 Scout Tower
10:32 Arcane Tower
10:35 Farm
» items
| Scroll of Regeneration | 3 | |
| Lesser Clarity Potion | 2 | |
| Potion of Healing | 1 | |
6 total
Chat log
(00:16 / All) MapleCN: cant wait to lose?
(00:24 / All) MapleCN: noob
(00:26 / All) supplies: ?
(00:40 / All) MapleCN: Nooooooob
(00:45 / All) supplies: english no